 Dungeon Crawl Stone Soup version 0.30.1 (webtiles) character file.

Game seed: 13139419461477104669

9 Destapler the Conjurer (level 2, 0/17 HPs)
             Began as a Tengu Reaver on July 8, 2023.
             Frozen to death by an endoplasm (3 damage)
             ... on level 1 of the Dungeon.
             The game lasted 00:01:52 (118 turns).

Destapler the Conjurer (Tengu Reaver)                Turns: 118, Time: 00:01:54

Health: 0/17       AC:  3    Str: 12    XL:     2   Next: 12%
Magic:  6/6        EV: 12    Int: 13    God:
Gold:   2          SH:  0    Dex: 12    Spells: 4/5 levels left

rFire   . . .        a - +0 short sword
rCold   . . .        (no shield)
rNeg    + . .        e - +1 robe {rN+}
rPois   .            (helmet restricted)
rElec   .            (no cloak)
rCorr   .            (no gloves)
SInv    .            (boots unavailable)
Will    .....        (no amulet)
Stlth   +            (no ring)
HPRegen 0.22/turn    (no ring)
MPRegen 0.10/turn

%: no passive effects
@: no status effects
A: beak, talons 3
a: no special abilities


You were on level 1 of the Dungeon.
You visited 1 branch of the dungeon, and saw 1 of its levels.

You collected 2 gold pieces.

Inventory:

Hand Weapons
 a - a +0 short sword (weapon)
Missiles
 d - 6 atropa-tipped darts
Armour
 e - a +1 robe of positive energy (worn)
Scrolls
 c - a scroll of poison {unknown}


   Skills:
 + Level 2.1 Fighting
 + Level 3.4 Short Blades
 + Level 2.3 Dodging
 + Level 2.0 Spellcasting
 + Level 4.1 Conjurations
 * Level 0.5 Translocations


You had 4 spell levels left.
You knew the following spells:

 Your Spells              Type           Power      Damage    Failure   Level
a - Kiss of Death         Conj/Necr      24%        2d7       11%         1

Your spell library contained the following spells:

 Spells                   Type           Power      Damage    Failure   Level
 Momentum Strike          Conj/Tloc      14%        3d8       14%         2
 Hailstorm                Conj/Ice       6%         3d4       32%         3


Dungeon Overview and Level Annotations

Branches:
Dungeon (1/15)

Altars:


Innate Abilities, Weirdness & Mutations

You have a beak for a mouth.
You have claws for feet.


Message History

You hit the bat.
You kill the bat!
HP restored.
Found a stone staircase leading down.
An endoplasm comes into view.
A hobgoblin comes into view.
The endoplasm freezes you.
You are frozen.
You hit the endoplasm. You claw the endoplasm.
You kill the endoplasm!
The hobgoblin shouts!
A hobgoblin is nearby!
There is a stone staircase leading down here.
An endoplasm comes into view.
Found 5 gold pieces.
The hobgoblin hits you.
The endoplasm quivers.
You hit the hobgoblin.
The hobgoblin is severely wounded.
The hobgoblin misses you.
You hit the hobgoblin but do no damage.
The hobgoblin is severely wounded.
You hit the hobgoblin but do no damage. You claw the hobgoblin.
The hobgoblin is almost dead.
The hobgoblin hits you. The endoplasm closely misses you.
You closely miss the hobgoblin.
The hobgoblin is almost dead.
The hobgoblin misses you. The endoplasm freezes you.
You are frozen.
* * * LOW HITPOINT WARNING * * *
You hit the hobgoblin but do no damage. Your kick misses the hobgoblin.
The hobgoblin is almost dead.
The hobgoblin closely misses you.
You hit the hobgoblin but do no damage.
The hobgoblin is almost dead.
The hobgoblin hits you.
* * * LOW HITPOINT WARNING * * *
The endoplasm freezes you.
You are frozen.
You die...

..... .. ###.... #.
####...... #.
##....#.... #.
##..####.[## #.##
##..## #..#
#..#####..######..#
######J##.......##....#
#.....g@>.[.....##....#
#.....##.#......##...(#
#..... #.#............#
#...$.
#.+............#.
#.....
..#.$......##....
.......
..#........##.##.
##........+..###...##.#
. #####....# #...##.#
#...##.#


You could see an endoplasm and a hobgoblin.

Vanquished Creatures
  2 dart slugs (D:1)
  2 endoplasms (D:1)
  A bat (D:1)
5 creatures vanquished.

Notes
Turn   | Place    | Note
-------+----------+-------------------------------------------
     0 | D:1      | Destapler the Tengu Reaver began the quest for the Orb.
     0 | D:1      | Reached XP level 1. HP: 12/12 MP: 4/4
    67 | D:1      | Reached XP level 2. HP: 14/17 MP: 6/6
   118 | D:1      | Frozen to death by an endoplasm

Illustrated notes

Levels and vault maps discovered:
D:1:      eino_arrival_cavern_c, layout_basic

Action                     || total
---------------------------++-------
  Melee: Short sword       ||    23
         Kick              ||     8
         Peck              ||     1
 Armour: Leather armour    ||     4
         Robe              ||     3
  Dodge: Dodged            ||    21
